 Dungeon Crawl Stone Soup version 0.21-a0 (webtiles) character file.

4393 Lexie the Thaumaturge (level 10, -6/64 HPs)
             Began as an Octopode Fire Elementalist on May 19, 2017.
             Was a Priest of Vehumet.
             Mangled by a hornet (17 damage)
             ... while paralysed by a hornet
             ... on level 9 of the Dungeon.
             The game lasted 00:18:43 (10825 turns).

Lexie the Thaumaturge (Octopode Fire Elementalist) Turns: 10825, Time: 00:18:43

Health: -6/64      AC:  1    Str: 11    XL:     10   Next: 35%
Magic:  4/22       EV:  2    Int: 22    God:    Vehumet [***...]
Gold:   434        SH:  0    Dex: 12    Spells: 11/26 levels left

rFire    + + .     SeeInvis .   w - +0 dagger (venom)
rCold    x . .     Gourm    .   S - +2 buckler
rNeg     . . .     Faith    .   (helmet restricted)
rPois    .         Spirit   .   s - +3 amulet of reflection
rElec    .         Reflect  +   n - +3 ring of strength
rCorr    .         Harm     .   o - -2 ring of strength (curse)
MR       .....                  u - ring of fire
Stlth    +++.......             E - ring of protection from fire
Regen    0.2/turn               L - +3 ring of strength
MPRegen  0.2/turn               (no ring)
                                (no ring)
                                (no ring)

@: paralysed, slowed
A: almost no armour, stealthy swim, amphibious, 8 rings, constrict 8, camouflage
1, gelatinous body 1
a: Renounce Religion


You were on level 9 of the Dungeon.
You worshipped Vehumet.
Vehumet was most pleased with you.
You were not hungry.

You visited 2 branches of the dungeon, and saw 10 of its levels.
You also visited: Ossuary.

You collected 434 gold pieces.

Inventory:

Hand Weapons
 c - a +0 dagger
 w - a +0 dagger of venom (weapon)
 J - a +2 dagger of venom
Missiles
 N - 7 curare-tipped needles
 O - 2 needles of sleeping
Armour
 S - a +2 buckler (worn)
Jewellery
 n - a +3 ring of strength (left tentacle)
 o - a cursed -2 ring of strength (right tentacle)
 s - a +3 amulet of reflection (around mantle)
 u - a ring of fire (on tentacle)
 E - a ring of protection from fire (on tentacle)
 L - a +3 ring of strength (on tentacle)
Wands
 D - a wand of iceblast (0/15)
 F - a wand of lightning (9/15)
 I - a wand of confusion (17/48)
 M - a wand of polymorph (11/24)
 P - a wand of polymorph (10/24)
 Q - a wand of clouds (5/9)
Scrolls
 d - 8 scrolls of identify {unknown}
 g - 2 scrolls of amnesia {unknown}
 i - 6 scrolls of immolation {unknown}
 k - 2 scrolls of enchant armour {unknown}
 q - 5 scrolls of remove curse {unknown}
 x - 3 scrolls of magic mapping {unknown}
 y - a scroll of random uselessness {unknown}
 C - 2 scrolls of teleportation {unknown}
 R - a scroll of enchant weapon {unknown}
 U - a scroll of recharging {unknown}
 V - 2 scrolls of noise {unknown}
Potions
 e - a potion of haste {unknown}
 f - 3 potions of curing {unknown}
 h - a potion of berserk rage {unknown}
 m - 2 potions of might {unknown}
 p - a potion of resistance {unknown}
 r - a potion of agility {unknown}
 t - a potion of flight {unknown}
 z - a potion of heal wounds {unknown}
 A - 3 potions of brilliance {unknown}
 B - a potion of ambrosia {unknown}
 G - a potion of mutation {unknown}
 K - a potion of magic {unknown}
Books
 a - a book of Flames

   Spells                             Type                      Level
   a - Flame Tongue                   Conjuration/Fire             1
   b - Throw Flame                    Conjuration/Fire             2
   c - Conjure Flame                  Conjuration/Fire             3
   d - Inner Flame                    Hexes/Fire                   3
   e - Sticky Flame                   Conjuration/Fire             4
   f - Fireball                       Conjuration/Fire             5
 j - a book of Cantrips

   Spells                             Type                      Level
   a - Confusing Touch                Hexes                        1
   b - Animate Skeleton               Necromancy                   1
   c - Summon Small Mammal            Summoning                    1
   d - Apportation                    Translocation                1
 v - a book of Misfortune

   Spells                             Type                      Level
   a - Confusing Touch                Hexes                        1
   b - Confuse                        Hexes                        3
   c - Gell's Gravitas                Translocation                3
   d - Petrify                        Transmutation/Earth          4
   e - Metabolic Englaciation         Hexes/Ice                    5
   f - Yara's Violent Unravelling     Hexes/Transmutation          5
Comestibles
 b - 4 bread rations
 l - 6 fruits
 H - a royal jelly
 T - 3 chunks of flesh


   Skills:
 + Level 4.2 Fighting
 - Level 2.0 Dodging
 - Level 2.6 Stealth
 * Level 6.2 Shields
 - Level 8.5 Spellcasting
 - Level 6.3 Conjurations
 - Level 6.8 Fire Magic


You had 11 spell levels left.
You knew the following spells:

 Your Spells              Type           Power        Failure   Level  Hunger
a - Flame Tongue          Conj/Fire      #####        1%          1    None
b - Throw Flame           Conj/Fire      ######       1%          2    None
c - Conjure Flame         Conj/Fire      ######..     1%          3    None
d - Sticky Flame          Conj/Fire      ######..     1%          4    ###....
e - Fireball              Conj/Fire      ######....   3%          5    #####..


Dungeon Overview and Level Annotations

Branches:
Dungeon (9/15)             Temple (1/1) D:4
   Lair: D:8-11         Orc: D:9-12

Altars:
Ashenzari
Dithmenos
Fedhas
Gozag
Hepliaklqana
Kikubaaqudgha
Makhleb
Nemelex Xobeh
Qazlal
Ru
Sif Muna
Trog
Uskayaw
Vehumet
Xom
Yredelemnul
Zin
The Shining One

Shops:
D:4 [   D:5 %

Annotations:
D:5 exclusion: centaur
D:8 Zigma's ghost, novice DrMo


Innate Abilities, Weirdness & Mutations

You cannot wear most types of armour.
You are very stealthy in the water. (Stealth+)
You are amphibious.
You can wear up to eight rings at the same time.
You can use your tentacles to constrict eight enemies at once.
Your skin changes colour to match your surroundings (Stealth+).
Your rubbery body absorbs attacks. (AC +1, EV +1)


Message History

You feel as though you will be slow longer.
The hornet stings you.
You feel as though you will be slow longer.
Evoke which item? (* to show all) (? for menu, Esc to quit)
Aiming: Iceblast (will waste charges)
Press: ? - help, Shift-Dir - straight line, p - hornet The mass of ice explodes!
The iceblast engulfs the hornet.
The hornet is severely wounded.
The iceblast engulfs the necrophage.
The necrophage partially resists.
The necrophage is moderately damaged.
Evoking this partially-identified wand wasted a few charges.
You hear a shout!
The hornet closely misses you. You block the hornet's attack.
The hornet closely misses you. The hornet stings you!
* * * LOW HITPOINT WARNING * * *
You suddenly lose the ability to move!
The necrophage hits you!
* * * LOW HITPOINT WARNING * * *
The hornet stings you!
You die...

). #....# #..# .....##)#
...# ....## #.# ..###. ..#
#.## ...... # #..# ..##..
#..# # #..... ##..######.#
...###### #...n......###
#.......####..@yO........
.####......####G#......
###......#.####........
#.<....................
......#.####...######......
..#.....# ##..# ..>...
...##### #..# ...... ####
#..# ##### ####


You could see a two-headed ogre, an eye of draining, a hornet and a necrophage.

Vanquished Creatures
  A two-headed ogre (D:9)
  A troll (D:8)
  A hippogriff (D:8)
  A hornet (D:8)
  A hornet zombie (D:7)
  3 orc warriors
  4 sky beasts
  3 phantoms
  An ogre (D:5)
  A black bear (D:6)
  2 big kobolds
  3 bullfrogs (D:7)
  A wyvern skeleton (D:8)
  3 scorpions
  3 wights (D:8)
  A howler monkey (D:5)
  A crimson imp (D:7)
  3 quasits
  3 orc priests
  A hound (D:7)
  2 jellies
  2 centaur skeletons
  2 iguanas
  9 orc wizards
  11 worker ants
  3 hound skeletons
  2 hound zombies
  2 mummies (Ossuary)
  Robin (D:3)
  14 adders
  2 shadow imps
  An ooze (D:2)
  2 adder skeletons
  4 leopard geckos
  19 orcs
  5 bats
  7 giant cockroaches
  8 goblins
  8 hobgoblins
  13 jackals
  6 quokkas
  3 ball pythons
  A frilled lizard (D:3)
  A giant cockroach zombie (D:5)
  A jackal skeleton (D:7)
  21 kobolds
  A leopard gecko zombie (Ossuary)
  2 quokka skeletons
  10 rats
201 creatures vanquished.

Vanquished Creatures (others)
  5 toadstools (D:1)
  2 withered plants (Ossuary)
7 creatures vanquished.

Grand Total: 208 creatures vanquished

Notes
Turn   | Place    | Note
-------+----------+-------------------------------------------
     0 | D:1      | Lexie the Octopode Fire Elementalist began the quest for the Orb.
     0 | D:1      | Reached XP level 1. HP: 11/11 MP: 3/3
   248 | D:1      | Reached XP level 2. HP: 17/17 MP: 3/5
  1074 | D:2      | Reached XP level 3. HP: 21/21 MP: 4/7
  1115 | D:2      | Learned a level 2 spell: Throw Flame
  1119 | D:2      | Learned a level 3 spell: Conjure Flame
  1434 | D:2      | Reached skill level 3 in Spellcasting
  1434 | D:2      | Reached XP level 4. HP: 21/27 MP: 3/8
  1792 | D:3      | Noticed Robin
  2157 | D:3      | Killed Robin
  2471 | D:3      | Found a hazy altar of Hepliaklqana.
  2516 | D:3      | Reached XP level 5. HP: 31/31 MP: 3/10
  3092 | D:4      | Found Fub Pioh's Antique Armour Shoppe.
  3221 | D:4      | Found a staircase to the Ecumenical Temple.
  3310 | Temple   | Entered the Ecumenical Temple
  3426 | Temple   | Became a worshipper of Vehumet
  3856 | D:4      | Reached skill level 4 in Spellcasting
  3862 | D:4      | Learned a level 4 spell: Sticky Flame
  4281 | D:4      | Reached XP level 6. HP: 36/36 MP: 6/12
  4339 | D:5      | Entered Level 5 of the Dungeon
  4366 | D:5      | Found Abrog's Food Shoppe.
  4368 | D:5      | Noticed a phantom
  4386 | D:5      | Killed a phantom
  4399 | D:5      | Found a sand-covered staircase.
  4405 | Ossuary  | Entered an ossuary
  4754 | D:5      | Reached XP level 7. HP: 41/41 MP: 9/14
  4822 | D:5      | Reached * piety under Vehumet
  4822 | D:5      | Offered knowledge of Magic Dart by Vehumet.
  4822 | D:5      | Reached skill level 5 in Spellcasting
  5011 | D:5      | Learned a level 5 spell: Fireball
  5922 | D:5      | Reached skill level 5 in Fire Magic
  6121 | D:6      | Reached skill level 6 in Spellcasting
  6121 | D:6      | Reached XP level 8. HP: 46/46 MP: 10/17
  6593 | D:6      | Reached ** piety under Vehumet
  6660 | D:6      | Offered knowledge of Freeze by Vehumet.
  6911 | D:7      | Reached skill level 5 in Conjurations
  7301 | D:7      | Reached skill level 7 in Spellcasting
  7564 | D:7      | Found a shimmering altar of Xom.
  8033 | D:7      | Reached XP level 9. HP: 34/51 MP: 5/20
  8521 | D:7      | Offered knowledge of Throw Frost by Vehumet.
  8521 | D:7      | Reached skill level 8 in Spellcasting
  9031 | D:8      | Noticed a troll
  9041 | D:8      | Killed a troll
  9254 | D:8      | Reached skill level 1 in Fighting
  9254 | D:8      | Reached skill level 1 in Shields
  9333 | D:8      | Noticed Zigma's ghost (novice DrMo)
  9420 | D:8      | Reached *** piety under Vehumet
  9437 | D:8      | Found a sacrificial altar of Ru.
 10558 | D:9      | Noticed a hornet
 10566 | D:8      | Killed a hornet
 10566 | D:8      | Offered knowledge of Ignite Poison by Vehumet.
 10566 | D:8      | Reached XP level 10. HP: 63/63 MP: 5/22
 10587 | D:8      | Reached skill level 5 in Shields
 10787 | D:9      | Noticed a two-headed ogre
 10801 | D:9      | Killed a two-headed ogre
 10818 | D:9      | Noticed a two-headed ogre
 10824 | D:9      | Paralysed by a hornet for 3 turns
 10825 | D:9      | Mangled by a hornet

Vault maps used:
D:1:      ldierk_walled_garden, st_stairs_11, minmay_misc_feat_tiny
D:3:      lemuel_doored_altar, uniq_robin
D:4:      minmay_temple_entry_statues_pillars, first_bread, serial_shops, shop
D:5:      serial_shops, shop, nicolae_ossuary_entry_plus
D:6:      marbit_many_paths, minmay_misc_feat_five
D:7:      basic_altar, minmay_misc_feat_more_columns
D:8:      nicolae_overflow_hidden_temple
D:9:      grunt_temple_overflow_diamond, kennysheep_orc_monster_closet_entryway
Temple:   eino_temple_rhombus
Ossuary:  ossuary_zaba_flooded

Skill      XL: |  1  2  3  4  5  6  7  8  9 10 |
---------------+-------------------------------+-----
Conjurations   | 2 3 4 5 6 |  6.3
Spellcasting   | 3 4 6 7 8 |  8.5
Fire Magic     | 4 5 6 |  6.8
Fighting       | 3 4 |  4.2
Shields        | 4 6 |  6.2
Dodging        | |  2.0
Stealth        | |  2.6

Action                   |  1- 3 |  4- 6 |  7- 9 | 10-12 || total
-------------------------+-------+-------+-------+-------++-------
Melee: Unarmed           |    11 |     2 |       |       ||    13
       Constrict         |     4 |     4 |     5 |       ||    13
       Tentacles         |     2 |     3 |     2 |       ||     7
       Dagger            |       |    15 |    27 |     2 ||    44
 Cast: Flame Tongue      |    45 |    98 |   178 |    15 ||   336
       Throw Flame       |       |     6 |    81 |     7 ||    94
       Conjure Flame     |       |     1 |     3 |     2 ||     6
       Sticky Flame      |       |     1 |    18 |     2 ||    21
       Fireball          |       |       |     8 |     2 ||    10
Evoke: Wand              |       |       |       |     2 ||     2
 Stab: Sleeping          |       |       |     2 |       ||     2
  Eat: Chunk             |     2 |    10 |    15 |     1 ||    28
       Meat ration       |       |       |     1 |       ||     1
       Royal jelly       |       |       |       |     1 ||     1
Armor: Skin              |       |     2 |     6 |     1 ||     9
Dodge: Dodged            |    23 |    35 |    71 |    10 ||   139
Block: Other             |       |     3 |    14 |       ||    17
       Buckler           |       |       |     2 |    13 ||    15
       Reflection        |       |       |     1 |     3 ||     4
